 Dungeon Crawl Stone Soup version 0.31-a0-187-gba352fbbf7 (webtiles) character file.

Game seed: 3575914383005586976

1709 qw the Skirmisher (level 8, -1/46 HPs)
             Began as a Deep Elf Hunter on June 22, 2023.
             Was a Follower of Okawaru.
             Slain by a hornet (11 damage)
             ... on level 6 of the Dungeon.
             The game lasted 00:01:58 (4187 turns).

qw the Skirmisher (Deep Elf Hunter)                 Turns: 4187, Time: 00:01:59

Health: -1/46      AC: 13    Str: 10    XL:     8   Next: 74%
Magic:  8/10       EV: 15    Int: 15    God:    Okawaru [*.....]
Gold:   146        SH:  0    Dex: 18    Spells: 7/7 levels left

rFire   . . .        Y - +1 arbalest (flame)
rCold   . . .        (shield currently unavailable)
rNeg    . . .        i - +0 ring mail
rPois   .            f - +0 helmet
rElec   .            (no cloak)
rCorr   .            h - +0 pair of gloves
SInv    .            (no boots)
Will    .....        (no amulet)
Stlth   +++          a - +4 ring of protection
HPRegen 0.27/turn    (no ring)
MPRegen 0.12/turn

%: no passive effects
@: lethally poisoned (-1 -> -10), heroic
A: no striking features
a: Renounce Religion, Heroism


You were on level 6 of the Dungeon.
You worshipped Okawaru.
Okawaru was aware of your devotion.
You visited 2 branches of the dungeon, and saw 7 of its levels.

You collected 204 gold pieces.
You spent 58 gold pieces at shops.


   Skills:
 - Level 3.5(8.5) Fighting
 + Level 13.7(18.7) Ranged Weapons
 - Level 1.4(6.4) Armour
 - Level 4.1(9.1) Dodging
 - Level 1.2(6.2) Stealth
 + Level 0.0 Invocations


You had 7 spell levels left.
You didn't know any spells.
Your spell library was empty.

Inventory:

Hand Weapons
 Y - a +1 arbalest of flaming (weapon)
Armour
 f - a +0 helmet (worn)
 h - a +0 pair of gloves (worn)
 i - a +0 ring mail (worn)
Jewellery
 a - a +4 ring of protection (left hand)
Scrolls
 e - a scroll of revelation {unknown}
 j - a scroll of identify
 m - 2 scrolls of blinking {unknown}
Potions
 b - a potion of degeneration {unknown}
 c - a potion of invisibility {unknown}
 d - 2 potions of curing
 g - a potion of heal wounds
 k - a potion of cancellation {unknown}
 l - a potion of berserk rage {unknown}
 o - a potion of mutation {unknown}

Dungeon Overview and Level Annotations

Branches:
Dungeon (6/15)             Temple (1/1) D:6

Altars:
Cheibriados
Dithmenos
Elyvilon
Fedhas
Hepliaklqana
Kikubaaqudgha
Makhleb
Nemelex Xobeh
Okawaru
Qazlal
Ru
Sif Muna
Trog
Uskayaw
Vehumet
Wu Jian
Yredelemnul
Zin

Shops:
D:4 (

Annotations:
D:5 2 transporters


Message History

You shoot a bolt. The bolt hits the water moccasin!!
The bolt burns the water moccasin!
You kill the water moccasin!
Okawaru is honoured by your kill.
You can now gain great but temporary skills.
The hornet stings you!
You are poisoned.
You feel yourself slow down.
You shoot a bolt. The bolt closely misses the hornet.
You feel yourself speed up.
You feel very sick. The hornet misses you. The hornet stings you.
You suddenly lose the ability to move!
The hornet stings you.
You feel yourself slow down.
You feel yourself speed up.
You feel sick.
The hornet stings you but does no damage.
You feel sick. The hornet stings you.
You are more poisoned.
You feel yourself slow down.
The hornet stings you but does no damage.
You can move again.
4185 ||| INVOKING Heroism.
You gain the combat prowess of a mighty hero.
You feel very sick. The hornet barely misses you.
The hornet closely misses you.
You shoot a bolt. The bolt closely misses the hornet.
You feel yourself speed up.
You feel very sick. The hornet barely misses you.
The hornet stings you but does no damage.
The hornet stings you.
You are more poisoned.
You feel yourself slow down.
You shoot a bolt. The bolt hits the hornet!!
The bolt burns the hornet.
The hornet is almost dead.
You feel yourself speed up.
You feel very sick. The hornet closely misses you. The hornet stings you!
You die...

###
#######.####.##.
#......#@y......
#(....###.......
#######..###.#
##.###.
#.....>..# #.#
.. #.#####%## ##
.7 #.# #.#######
# #.# #))......
#.# #.#######
#.# #.#


You could see a hornet.

Vanquished Creatures
  Grinder (D:3)
  A water moccasin (D:6)
  An ice beast (D:6)
  2 ogres
  A phantom (D:6)
  6 scorpions
  2 howler monkeys
  2 hounds
  A jelly (D:5)
  2 orc priests (D:3)
  6 iguanas
  An orc wizard (D:6)
  A mummy (D:4)
  7 gnolls
  9 adders
  3 white imps
  An ufetubus (D:4)
  2 worms
  5 dart slugs
  20 orcs
  10 endoplasms
  5 goblins
  11 hobgoblins
  12 kobolds
  2 quokkas
  6 ball pythons
  5 bats
  3 frilled lizards
  3 rats
131 creatures vanquished.

Notes
Turn   | Place    | Note
-------+----------+-------------------------------------------
     0 | D:1      | qw the Deep Elf Hunter began the quest for the Orb.
     0 | D:1      | Reached XP level 1. HP: 12/12 MP: 3/3
     0 | D:1      | 0 ||| qw: Version: 0.3-a-9-g12657ce
     0 | D:1      | 0 ||| qw: Game counter: 2559
     0 | D:1      | 0 ||| qw: Always use a shield: true
     0 | D:1      | 0 ||| qw: God list: Okawaru
     0 | D:1      | 0 ||| qw: Allow faded altars: false
     0 | D:1      | 0 ||| qw: Do Orc after D:15 true
     0 | D:1      | 0 ||| qw: Do second Lair branch before Depths: true
     0 | D:1      | 0 ||| qw: Lair rune preference: random
     0 | D:1      | 0 ||| qw: Plans: Normal
     0 | D:1      | 0 ||| PLANNING D:1-11
   157 | D:1      | Reached XP level 2. HP: 16/16 MP: 4/4
   168 | D:1      | Reached skill level 6 in Ranged Weapons
   388 | D:1      | Found a faded altar of an unknown god.
   593 | D:1      | 593 ||| UPGRADING to +0 helmet.
   598 | D:1      | 598 ||| UPGRADING to +0 pair of gloves.
   603 | D:1      | 603 ||| UPGRADING to +0 ring mail.
   613 | D:1      | 613 ||| DROPPING +0 leather armour.
   614 | D:1      | 614 ||| READING scroll labelled MUGOSCH BEILATT.
   614 | D:1      | Identified a scroll of acquirement
   614 | D:1      | 614 ||| ACQUIRING +4 ring of protection
   614 | D:1      | Acquired a +4 ring of protection
   616 | D:1      | 616 ||| UPGRADING to +4 ring of protection.
   617 | D:1      | 617 ||| DRINKING 2 brown potions.
   618 | D:1      | 618 ||| DROPPING scroll of butterflies.
   686 | D:2      | Reached XP level 3. HP: 20/20 MP: 5/5
   698 | D:2      | 698 ||| FLEEEEING.
   699 | D:2      | 699 ||| FLEEEEING.
   700 | D:2      | 700 ||| FLEEEEING.
   765 | D:2      | Reached skill level 7 in Ranged Weapons
  1182 | D:2      | 1182 ||| DROPPING ring of flight.
  1183 | D:2      | 1183 ||| READING scroll labelled CUFAQI QOPNUR.
  1184 | D:2      | 1184 ||| READING scroll labelled EMUFUV ISANYA.
  1261 | D:3      | Reached XP level 4. HP: 22/25 MP: 6/6
  1429 | D:3      | Reached skill level 8 in Ranged Weapons
  1481 | D:3      | Reached XP level 5. HP: 11/29 MP: 7/7
  1690 | D:3      | Reached skill level 9 in Ranged Weapons
  1797 | D:3      | Noticed Grinder
  1799 | D:3      | 1799 ||| Stepping ~*~*~tactically~*~*~ (outnumbered).
  1812 | D:3      | Killed Grinder
  1813 | D:3      | Reached skill level 3 in Fighting
  1813 | D:3      | Reached XP level 6. HP: 15/37 MP: 8/8
  1969 | D:3      | 1969 ||| READING scroll of enchant weapon.
  1969 | D:3      | 1969 ||| ENCHANTING +1 shortbow.
  2034 | D:3      | 2034 ||| READING 2 scrolls labelled INUNUDE GOIGU.
  2035 | D:3      | 2035 ||| READING scroll labelled POPSETWAWKA.
  2038 | D:3      | 2038 ||| DRINKING 2 inky potions.
  2039 | D:3      | 2039 ||| DROPPING scroll of vulnerability.
  2103 | D:4      | Found a snail-covered altar of Cheibriados.
  2113 | D:4      | Reached skill level 1 in Armour
  2130 | D:4      | 2130 ||| FLEEEEING.
  2131 | D:4      | 2131 ||| FLEEEEING.
  2132 | D:4      | 2132 ||| FLEEEEING.
  2133 | D:4      | 2133 ||| FLEEEEING.
  2134 | D:4      | 2134 ||| FLEEEEING.
  2135 | D:4      | 2135 ||| FLEEEEING.
  2136 | D:4      | 2136 ||| FLEEEEING.
  2138 | D:4      | 2138 ||| FLEEEEING.
  2139 | D:4      | 2139 ||| FLEEEEING.
  2140 | D:4      | 2140 ||| FLEEEEING.
  2141 | D:4      | 2141 ||| FLEEEEING.
  2142 | D:4      | 2142 ||| FLEEEEING.
  2143 | D:4      | 2143 ||| FLEEEEING.
  2144 | D:4      | 2144 ||| FLEEEEING.
  2145 | D:4      | 2145 ||| FLEEEEING.
  2147 | D:4      | 2147 ||| FLEEEEING.
  2148 | D:4      | 2148 ||| FLEEEEING.
  2149 | D:4      | 2149 ||| FLEEEEING.
  2150 | D:4      | 2150 ||| FLEEEEING.
  2151 | D:4      | 2151 ||| FLEEEEING.
  2152 | D:4      | 2152 ||| FLEEEEING.
  2153 | D:4      | 2153 ||| FLEEEEING.
  2154 | D:4      | 2154 ||| FLEEEEING.
  2155 | D:4      | 2155 ||| FLEEEEING.
  2156 | D:4      | 2156 ||| FLEEEEING.
  2157 | D:4      | 2157 ||| FLEEEEING.
  2158 | D:4      | 2158 ||| FLEEEEING.
  2159 | D:4      | 2159 ||| FLEEEEING.
  2160 | D:4      | 2160 ||| FLEEEEING.
  2161 | D:4      | 2161 ||| FLEEEEING.
  2163 | D:4      | 2163 ||| STAIRDANCE
  2175 | D:3      | 2175 ||| READING scroll labelled HAACE DOORYPNURA.
  2260 | D:4      | Found Jimoasit's Weapon Emporium.
  2270 | D:4      | Reached XP level 7. HP: 41/41 MP: 9/9
  2294 | D:4      | 2294 ||| BUYING +0 arbalest (58 gold).
  2294 | D:4      | Bought a +0 arbalest for 58 gold pieces
  2294 | D:4      | 2294 ||| SWAPPING to +0 arbalest.
  2295 | D:4      | 2295 ||| DROPPING +2 shortbow.
  2426 | D:4      | Reached skill level 10 in Ranged Weapons
  2465 | D:4      | Reached skill level 3 in Dodging
  2811 | D:4      | 2811 ||| DROPPING scarf of shadows.
  2812 | D:4      | 2812 ||| READING scroll labelled EMIUKO TOM EMA.
  2813 | D:4      | 2813 ||| READING scroll labelled YRREKEUWUY.
  2814 | D:4      | 2814 ||| READING scroll labelled UCAANAQEOFF.
  2841 | D:5      | Entered Level 5 of the Dungeon
  2847 | D:5      | 2847 ||| STAIRDANCE
  3082 | D:5      | Reached skill level 11 in Ranged Weapons
  3110 | D:5      | Reached XP level 8. HP: 43/46 MP: 10/10
  3266 | D:5      | 3266 ||| READING scroll of enchant weapon.
  3266 | D:5      | 3266 ||| ENCHANTING +0 arbalest of flaming.
  3359 | D:5      | Found a transporter.
  3359 | D:5      | Found a transporter.
  3495 | D:5      | 3495 ||| DROPPING ring of wizardry.
  3496 | D:5      | 3496 ||| DRINKING 2 bubbling amethyst potions.
  3528 | D:5      | 3528 ||| DRINKING 2 viscous emerald potions.
  3529 | D:5      | 3529 ||| DROPPING potion of lignification.
  3530 | D:5      | 3530 ||| DROPPING potion of magic.
  3547 | D:6      | Found a staircase to the Ecumenical Temple.
  3548 | D:6      | 3548 ||| PLANNING TEMPLE
  3559 | D:6      | Reached skill level 12 in Ranged Weapons
  3560 | Temple   | Entered the Ecumenical Temple
  3624 | Temple   | 3624 ||| PLANNING OKAWARU WORSHIP
  3855 | Temple   | Became a worshipper of Warmaster Okawaru
  3856 | Temple   | 3856 ||| PLANNING D:1-11
  4154 | D:6      | Reached skill level 13 in Ranged Weapons
  4176 | D:6      | Noticed a hornet
  4181 | D:6      | Reached * piety under Okawaru
  4182 | D:6      | Paralysed by a hornet for 3 turns
  4185 | D:6      | 4185 ||| INVOKING Heroism.
  4187 | D:6      | HP: 10/46 [poisoned by a hornet]
  4187 | D:6      | Slain by a hornet

Levels and vault maps discovered:
D:1:      minmay_arrival_hallway, layout_basic,
          shapermc_ecumenical_altar_mp_ritualfount
D:2:      layout_basic
D:3:      layout_loops_cross, uniq_grinder
D:4:      kennysheep_spiral_hall, layout_basic, slow_altar_1, serial_shops,
          nicolae_shop_bloodbath_and_beyond, hangedman_abyss_or_decor_stabs,
          grunt_ministairs_6, hangedman_abyss_or_decor_lesser_grid
D:5:      lemuel_ice_spiral_2, layout_rooms, gammafunk_ghost_gnarly_gnolls
D:6:      layout_loops_ring, xom_butterflies, temple_fountains,
          kennysheep_big_empty_room, minmay_stone_trees_small, kennysheep_boxes
Temple:   minmay_temple_bridge_d

Skill      XL: |  1  2  3  4  5  6  7  8 |
---------------+-------------------------+-----
Ranged Weapons | 6 7 8 9 11 13 | 13.7
Fighting       | 3 |  3.5
Armour         | 1 |  1.4
Dodging        | 3 4 |  4.1
Stealth        | |  1.2

Action                     |  1- 3 |  4- 6 |  7- 9 || total
---------------------------+-------+-------+-------++-------
   Fire: Shortbow          |   127 |   139 |     6 ||   272
         Arbalest          |       |       |   142 ||   142
 Invoke: Heroism           |       |       |     1 ||     1
    Use: Scroll            |     3 |     4 |     4 ||    11
         Potion            |     1 |     1 |     2 ||     4
 Armour: Leather armour    |     3 |       |       ||     3
         Ring mail         |    14 |    34 |    31 ||    79
  Dodge: Dodged            |    28 |    46 |    46 ||   120

Table legend:
 A = Non-vault XP
 B = Vault XP
 C = Vault XP percentage of total XP
 D = Non-vault monster count
 E = Vault monster count
 F = Vault count percentage of total count
                 A         B        C        D         E       F
            +---------+---------+-------+---------+---------+-------
      Total |    2050 |     392 |  16.1 |     123 |       8 |   6.1
            +---------+---------+-------+---------+---------+-------
        D:1 |      38 |       0 |   0.0 |      21 |       0 |   0.0
        D:2 |      44 |       0 |   0.0 |      20 |       0 |   0.0
        D:3 |     206 |     272 |  56.9 |      25 |       1 |   3.8
        D:4 |     428 |     120 |  21.9 |      21 |       7 |  25.0
        D:5 |     510 |       0 |   0.0 |      18 |       0 |   0.0
        D:6 |     824 |       0 |   0.0 |      18 |       0 |   0.0
            +---------+---------+-------+---------+---------+-------
